Cogmind - Beta 10.2 @@@ ROGUE MODE // 2020.12.24 @ 21:04:50 Player: SureStep Result: Destroyed by S-10 Pest with Light Assault Rifle Performance ------------- Evolutions (1) 500 Regions Visited (2) 400 Robots Destroyed (12) 60 Value Destroyed (197) 197 Prototype IDs (4) 80 Alien Tech Used (0) 0 Bonus (0) 0 TOTAL SCORE: 1237 Bonus ------- None Cogmind --------- Core Integrity 0/400 Matter 300/300 Energy 100/100 System Corruption 3% Temperature Cool (9) Movement Core (150) Ox2 Location -9/Materials Parts ------- > --- POWER (1) -------- (None) > --- PROPULSION (2) --- (None) > --- UTILITY (4) ------ Medium Storage Unit > --- WEAPON (2) ------- (None) > --- INVENTORY (8) ---- Armored Wheel Armored Wheel Hardlight Generator Shield Generator Shield Generator Peak State ------------ > --- POWER ------------ Ion Engine > --- PROPULSION ------- Armored Wheel Armored Wheel > --- UTILITY ---------- Heat Sink Medium Storage Unit Compact Battery ECM Suite > --- WEAPON ----------- Particle Gun Particle Gun > --- INVENTORY -------- Ion Engine Armored Wheel Armored Wheel Compact Battery Hardlight Generator Particle Gun Particle Gun [Rating: 16] Favorites ----------- Power Ion Engine Engine Ion Engine Propulsion Armored Wheel Wheel Armored Wheel Utility Heat Sink Device Heat Sink Storage Medium Storage Unit Weapon Particle Gun Energy Gun Particle Gun Ballistic Gun Assault Rifle Special Weapon Mining Laser Build | -11 -10 -9 ------- Run | Scr Mat Mat Slots Evolved 2 | . . 2 Power . | . . . Propulsion . | . . . Utility 2 | . . 2 Weapon . | . . . Parts Attached 25 | 7 10 8 Power 3 | 2 . 1 Engine 3 | 2 . 1 Core . | . . . Reactor . | . . . Propulsion 4 | 2 2 . Treads . | . . . Leg . | . . . Wheel 4 | 2 2 . Hover . | . . . Flight . | . . . Utility 6 | 1 2 3 Device 2 | . 1 1 Storage 4 | 1 1 2 Processor . | . . . Hackware . | . . . Protection . | . . . Artifact . | . . . Weapon 12 | 2 6 4 Energy Gun 4 | . 2 2 Energy Cannon . | . . . Ballistic Gun 2 | 2 . . Ballistic Cannon . | . . . Launcher . | . . . Special Weapon 6 | . 4 2 Impact Weapon . | . . . Slashing Weapon . | . . . Piercing Weapon . | . . . Special Melee Weapon . | . . . Unidentified Prototypes . | . . . Parts Lost 12 | . . 12 Power 2 | . . 2 Propulsion 2 | . . 2 Utility 4 | . . 4 Weapon 4 | . . 4 Highest Loss Streak 8 | . . 8 Average Slot Usage (%) 95 | . 95 95 Engine 12 | . 14 10 Wheel 24 | . 27 21 Device 15 | . 12 21 Storage 17 | . 13 21 Energy Gun 19 | . 19 18 Special Weapon 4 | . 6 1 Naked Turns . | . . . Heaviest Build 22 | 13 20 22 Greatest Support 26 | 26 24 24 Greatest Overweight (x) 2 | . 2 . Average Overweight (x) . | . . . Largest Inventory Capacity 8 | 6 8 8 Average Capacity 7 | 5 6 8 Most Carried 8 | 3 7 8 Average Carried 5 | 1 5 5 Final Capacity 8 | 6 8 8 Final Carried 7 | 1 7 5 Class Distribution -------------------- 100% | Mutant Dominant Class ---------------- Mutant | -10/Materials Mutant | -9/Materials Resources | -11 -10 -9 ----------- Run | Scr Mat Mat Matter Collected 430 | 270 100 60 Remotely . | . . . Salvage Created 224 | . 95 129 Parts 26 | . 12 14 Haulers Intercepted . | . . . Recyclers Shooed . | . . . Parts Field Recycled . | . . . Retrieved Matter . | . . . Parts Self-Destructed . | . . . Prevented . | . . . Kills | -11 -10 -9 ------- Run | Scr Mat Mat Combat Hostiles Destroyed 9 | . 4 5 Melee 1 | . . 1 Guns 7 | . 3 4 Cannons 1 | . 1 . Classes Destroyed 4 | . 2 2 Watcher 3 | . . 3 Swarmer 7 | . 3 4 Grunt 1 | . 1 . Sentry 1 | . . 1 Best Kill Streak 3 | . 3 2 Combat Bots Only 3 | . 3 2 Max Kills in Single Turn 2 | . 2 1 Gunslinging 1 | . 1 . Exploded . | . . . Melee 1 | . . 1 Uniques/NPCs Destroyed . | . . . Combat | -11 -10 -9 -------- Run | Scr Mat Mat Damage Taken 1212 | . 48 1164 Core 406 | . 6 400 Absorbed by Shields . | . . . Core Remaining (%) 98 | 100 97 . Volleys Fired 38 | . 6 32 Largest 2 | . 2 2 Hottest 200 | . 130 200 Shots Fired 67 | . 12 55 Gun 54 | . 6 48 Cannon . | . . . Launcher . | . . . Special 13 | . 6 7 Kinetic . | . . . Thermal 67 | . 12 55 Explosive . | . . . Electromagnetic . | . . . Robot Hit Streak 10 | . 4 10 Robot Miss Streak 4 | . 1 4 Penetration Max . | . . . Secondary Targets 1 | . 1 . Max Gunslinging Chain 1 | . 1 . Shots Hit Robots 37 | . 8 29 Core Hits 20 | . 5 15 Critical Hits . | . . . Critical Kills . | . . . Critical Parts Destroyed . | . . . Melee Attacks . | . . . Impact . | . . . Slashing . | . . . Piercing . | . . . Sneak Attacks . | . . . Combat Hostiles . | . . . Follow-up Attacks . | . . . Damage Inflicted 605 | . 85 520 Guns 466 | . 41 425 Cannons . | . . . Explosions . | . . . Melee . | . . . Ramming 23 | . . 23 Kinetic . | . . . Thermal 582 | . 85 497 Explosive . | . . . Electromagnetic . | . . . Impact . | . . . Slashing . | . . . Piercing . | . . . Highest Corruption 3 | . . 3 Average Corruption 2 | . . 2 Corruption Purged . | . . . Overload Shots . | . . . Overflow Damage . | . . . Projectiles . | . . . Explosions . | . . . Melee . | . . . Knockbacks . | . . . Impact . | . . . Kinetic . | . . . Secondary . | . . . Self-Inflicted Damage 8 | . . 8 Shots . | . . . Rammed 12 | . . 12 Targets Rammed 12 | . . 12 Kicked . | . . . Crushed . | . . . Highest Temperature 209 | . 78 209 Average Temperature 74 | . 35 79 Received Heat Transfer 276 | . 18 258 Siege Activations . | . . . Robots Corrupted . | . . . Combat Hostiles . | . . . Parts Fried . | . . . Impact Corruptions . | . . . Robots Melted . | . . . Combat Hostiles . | . . . Parts Melted 2 | . . 2 Heat Transferred 1445 | . 259 1186 Parts Sabotaged . | . . . Parts Stolen . | . . . Parts Stripped . | . . . Power Chain Reactions . | . . . Missiles Intercepted . | . . . Alert | -11 -10 -9 ------- Run | Scr Mat Mat Peak Influence 318 | . 70 318 Initial 12 | . . 12 Average 90 | . 28 180 Maximum Alert Level 1 | . . 1 Low Security (%) 81 | 100 100 55 Level 1 18 | . . 44 Level 2 . | . . . Level 3 . | . . . Level 4 . | . . . Level 5 . | . . . High Security . | . . . Max Security . | . . . Squads Dispatched 1 | . 1 . Investigation . | . . . Extermination . | . . . Reinforcement 1 | . 1 . Assault . | . . . Garrison . | . . . Intercept . | . . . Construction Impeded . | . . . Haulers Reinforced . | . . . Stealth | -11 -10 -9 --------- Run | Scr Mat Mat Distress Signals 3 | . . 3 Communications Jammed . | . . . Distress Signals . | . . . Times Spotted 33 | . 5 28 Peak Tracking Total 6 | . 2 6 Tactical Retreats 7 | . 1 6 Traps | -11 -10 -9 ------- Run | Scr Mat Mat Traps Triggered . | . . . Indirectly . | . . . Trap Hack Attempts . | . . . Triggered . | . . . Disarmed . | . . . Reprogrammed . | . . . Reused . | . . . Traps Extracted . | . . . Installed . | . . . Triggered . | . . . Machines | -11 -10 -9 ---------- Run | Scr Mat Mat Machines Disabled . | . . . Max in Single Turn . | . . . Machines Sabotaged . | . . . Garrisons Compromised . | . . . Overloaded Fab Kills . | . . . Fab Network Shutdowns . | . . . Hacking | -11 -10 -9 --------- Run | Scr Mat Mat Machines Accessed 6 | . 5 1 Terminals 6 | . 5 1 Fabricators . | . . . Repair Stations . | . . . Recycling Units . | . . . Scanalyzers . | . . . Garrison Access . | . . . Total Hacks 13 | . 10 3 Successful 10 | . 7 3 Failed 3 | . 3 . Catastrophic 1 | . 1 . Database Lockouts . | . . . Manual . | . . . Terminals 13 | . 10 3 Fabricators . | . . . Repair Stations . | . . . Recycling Units . | . . . Scanalyzers . | . . . Garrison Access . | . . . Terminal Hacks 10 | . 7 3 Prototype ID Bank 2 | . 1 1 Emergency Access Points 1 | . 1 . Terminal Index 1 | . 1 . Recycling Unit Index 1 | . 1 . Alert Level 1 | . . 1 Unreport Threat 1 | . 1 . Locate Traps 1 | . 1 . Hauler Manifests 1 | . 1 . Zone Layout 1 | . . 1 Fabricator Hacks . | . . . Repair Station Hacks . | . . . Recycling Unit Hacks . | . . . Scanalyzer . | . . . Garrison Access Hacks . | . . . Unauthorized Hacks . | . . . Terminals . | . . . Fabricators . | . . . Repair Stations . | . . . Recycling Units . | . . . Scanalyzers . | . . . Garrison Access . | . . . Data Cores Recovered . | . . . Used . | . . . Hacking Detections 3 | . 2 1 Full Trace Events 1 | . 1 . Feedback Events . | . . . Feedback Blocked . | . . . Robot Schematics Acquired . | . . . Robots Built . | . . . Matter . | . . . Time . | . . . Total Robot Build Rating . | . . . Part Schematics Acquired . | . . . Parts Built . | . . . Matter . | . . . Time . | . . . Total Part Build Rating . | . . . Parts Repaired . | . . . Time . | . . . Parts Recycled . | . . . Recycled Matter . | . . . Retrieved Matter . | . . . Retrieved Components . | . . . Parts Scanalyzed . | . . . Part Schematics Acquired . | . . . Parts Damaged . | . . . Bothacking | -11 -10 -9 ------------ Run | Scr Mat Mat Used RIF Installer . | . . . Robots Hacked . | . . . Non-combat . | . . . Combat . | . . . Robot Hacks Applied . | . . . Relay Couplers Released . | . . . Robots Rewired . | . . . Allies Hacked . | . . . Hacks Repelled . | . . . Allies | -11 -10 -9 -------- Run | Scr Mat Mat Total Allies . | . . . Largest Group . | . . . Highest-Rated Group . | . . . Highest-Rated Ally . | . . . Total Orders . | . . . Ally Attacks . | . . . Total Damage . | . . . Kills . | . . . Allies Corrupted . | . . . Allies Melted . | . . . Intel | -11 -10 -9 ------- Run | Scr Mat Mat Robot Analysis Total . | . . . Derelict Logs Recovered . | . . . Drone Launches . | . . . Drone Recoveries . | . . . Exploration | -11 -10 -9 ------------- Run | Scr Mat Mat Turns Passed 1287 | 43 711 533 Spaces Moved 965 | 35 676 254 Core 11 | 6 5 . Treads . | . . . Legs . | . . . Wheels 954 | 29 671 254 Hover . | . . . Flight . | . . . Fastest Speed 50 | 50 90 90 Average Speed 90 | 83 90 90 Slowest Speed 150 | 90 150 90 Overloaded Moves . | . . . Propulsion Burnouts . | . . . Robots Hopped . | . . . Cave-ins Triggered . | . . . Exploration Rate (%) 35 | 2 79 25 Regions Visited 2 Branch Regions . Pre-discovered Areas . | . . . Known Exits Taken . | . . . Unknown Exits Taken 2 | 1 1 . Scrap Searched . | . . . Spaces Dug . | . . . Terrain Destroyed 1 | . . 1 Melee . | . . . Projectile 1 | . . 1 AOE . | . . . Terrain Rammed . | . . . Walls Destroyed . | . . . Machines Disabled . | . . . Actions | -11 -10 -9 --------- Run | Scr Mat Mat Total 1305 | 48 769 488 Wait 200 | . 30 170 Move 963 | 34 675 254 Hop . | . . . Pick Up 38 | 7 24 7 Fast Attach . | . . . Attach 24 | 6 10 8 Detach 9 | . 7 2 Swap 1 | 1 . . Drop 20 | . 17 3 Fire 38 | . 6 32 Melee . | . . . Ram 12 | . . 12 Kick . | . . . Crush . | . . . Escape Stasis . | . . . Rewire . | . . . Trap . | . . . Miscellaneous . | . . . Route ------- -11/Scrapyard -10/Materials (discovered 4 exits: *Mat x3 / [*Min]) -9/Materials (discovered 1 exit: [*Min]) History --------- Turn | Location | Event 30 | -11/Scrapyard | Discovered new exit (range 15) 44 | -11/Scrapyard | Entered Materials 174 | -10/Materials | Discovered new exit (range 15) 271 | -10/Materials | Discovered new exit (range 6) 318 | -10/Materials | Build established: Mutant 480 | -10/Materials | Discovered new exit (range 15) 621 | -10/Materials | Discovered new exit (range 15) 755 | -10/Materials | Entered another Materials area 755 | -9/Materials | Evolved 2 slots: Utility x2 1024 | -9/Materials | Lost 3 parts (1p1u1w) 1136 | -9/Materials | Discovered new exit (range 7) 1274 | -9/Materials | Core integrity fell below 50% 1283 | -9/Materials | Core integrity fell below 20% 1288 | -9/Materials | Destroyed by S-10 Pest with Light Assault Rifle Last Messages --------------- Ion Engine destroyed. Slammed into G-47 Trooper. Slammed into G-34 Mercenary. Slammed into S-10 Pest. S-10 Pest destroyed. Arm. Wheel destroyed. System corrupted by crushing effect (+2). [Achievement: Fist Fight] Destabilizing: Core damaged (-8). K-01 Serf cleans the Nuclear Reactor. ECM Suite destroyed. Slammed into G-34 Mercenary. Slammed into G-47 Trooper. Destabilizing: System corrupted (+1). Slammed into G-47 Trooper. U-05 Engineer destroyed. Slammed into S-10 Pest. K-01 Serf collects debris. Slammed into S-10 Pest. Com. Battery destroyed. Map ----- +----------------------------------------------------+ | ?????????????????????# """ [ [# #?????????????? | | ?????????????????????# """ + #?????????????? | | ?????????????????????# """ [#% #?????????????? | | ?????????????????????# ! # #???######????? | | ?????????????????????# # #??? #????? | | ?????????????????????# # #??? ????? | | ?????????????????????########### #??? ?????? | | ??????????????? ?????????????# #??? ?????? | | ??????????????? ########### #??? ?????? | | ?????????????? #???# #?????? | | ?????????????? %% #???# #?????? | | ?????????????? % #???# #?????? | | ??????????????????###### ######## ##???# #?????? | | ???????????????????????? ??????##+###### #?????? | | ???????????????????????# #?????# % # #?????? | | ???????????????????????# ?????# %# #?????? | | ???????????????????????# ?????# !!%+ +?????? | | ?????????????????####### ?????######### #?????? | | ????????????????? ?????????????# #?????? | | ????????????????# ?????????????# #?????? | | ????????????????# ^""" ????########## #?????? | | ????????????????# """ #????#""!" ""## #?????? | | ???????????##+### """ ##???# "!" " ## #?????? | | ???????????# g ##### ## #?????? | | ???????????# %s[ r #?????? | | ????????? k!%@%% < +?????? | | ???????????# =%%%%% r #?????? | | ???????????# a !gs##### ### ##?????? | | ???????????# ########+###???###########+#??????? | | ????????????????????? ???????# #??????? | | ??????????????????? ????????# #??????? | | ??????????????????# ????????# #??????? | | ??????????????????# """?????????# #??????? | | ??????????????????# """?????????# #??????? | | ??????????????????# ""??????????# #??????? | | ??????????????????# ? ??????????# #??????? | | ????????????????????????????????# #??????? | | ????????????????????????????????#####/############ | | ???????????????????????????????????# | | ???????????????????????????????????# | | ???????????????????????????????????# | | ???????????????????????????????????+ """"" | | ???????????????????????????????????# """""""" | | ???????????????????????????????????# """ """ | | ???????????????????????????????????# | | ???????????????????????????????????# | | ???????????????????????????????????# | | ???????????????????????????????????# | | ???????????????????????????????????+ | | ???????????????????????????????????# | +----------------------------------------------------+ Best States ------------- Heat Dissipation 38 Energy Generation 10 Energy Capacity 550 Matter Stores 300 Matter Capacity 300 Sight Range 16 Terrain Scan Density 10 ECM Strength 1 Evasion (%) 42 Item Schematics ----------------- None Robot Schematics ------------------ None Fabricated ------------ Nothing Alien Tech Used ----------------- None Achievements -------------- Fist Fight Shopping List Challenges ------------ None Game ------ Seed PointyChipGreatsword Manual? 0 Play Time 00:26:57 Cumulative 7.9 hours Start 2020.12.24 @ 20:41:14 End 2020.12.24 @ 21:04:50 Sessions 1 Manual Loads 0 Difficulty Rogue Special Mode None Game No. 11 Rogue 11 Adventurer 0 Explorer 0 Win Type - Total 0 Types 0/0/0/0/0/0/0/0/0 Lore% 1 Gallery% 10 Achievement% 10 Wizard Run 0 Options --------- ASCII 0 Keyboard 0 Movement Mouse Keybinds 0 Fullscreen 1 Font 18/SmallcapsGlow Map View 76x50 Tactical HUD 0 Map Filters NONE Filters NONE Steam 1 RUN: 0a0a498c-567d-45de-b5ea-7c62a3e3498f